AoeStats
← tarepo

Arena

508219257Analyzed
4v4 RM · 9d ago on Sep 21, 2026· 69m 36s· 8 players
Game mode
Random Map
Map size
Large (8 player)
Population
200
Speed
Normal
Resources
Standard
Victory
Conquest
Starting age
Dark Age
Ending age
Imperial Age
RankedLock teamsTeams togetherTeam positionsShared explorationLock speedFull tech treeHidden civsTurbo modeCheats
Victory
Defeat
🇧🇷 Sicilians · Brazil
621
+17
🇨🇾 Teutons · Cyprus
548
+20
🇨🇭 Spanish · Switzerland
522
+20
🇷🇺 Japanese · Russia
487
+21
🇪🇸 Bengalis · Spain
847
-28
🇨🇳 Bulgarians · China
832
-27
🇩🇪 Burgundians · Germany
455
-13
🇨🇴 Vikings · Colombia
392
-10
tarepo
10:58 Feudal Age
15:14 Castle Age
13:46 Double-Bit Axe
14:49 Gold Mining
14:51 Horse Collar
18:37 Wheelbarrow
18:51 Bow Saw
25:50 Stone Mining
29:04 Imperial Age
26:51 Hand Cart
26:24 Loom
26:58 Town Watch
28:07 Caravan
29:16 Heavy Plow
30:06 Masonry
30:21 Murder Holes
31:01 Conscription
30:07 Pikeman
30:47 Squires
30:50 Onager
32:38 Chemistry
33:19 Scale Mail Armor
33:29 Forging
33:26 Scale Barding Armor
34:07 Architecture
33:48 Fortified Wall
33:53 Town Patrol
33:19 Elite Conquistador
34:55 Chain Mail Armor
37:45 Two-Man Saw
37:25 Iron Casting
37:21 Plate Mail Armor
36:37 Halberdier
39:48 Bombard Tower
39:19 Guard Tower
39:50 Ballistics
42:44 Cavalier
43:24 Husbandry
43:35 Bloodlines
46:38 Blast Furnace
45:59 Chain Barding Armor
45:40 Padded Archer Armor
47:14 Fletching
49:41 Plate Barding Armor
49:22 Leather Archer Armor
48:40 Paladin
53:57 Light Cavalry
55:24 Hussar
59:51 Ring Archer Armor
59:18 Bodkin Arrow
DoneHealer17475
0:58 Loom
14:15 Feudal Age
15:47 Wheelbarrow
14:58 Town Watch
15:02 Horse Collar
15:22 Double-Bit Axe
19:21 Man-at-Arms
23:02 Gold Mining
26:48 Castle Age
25:13 Stone Mining
27:51 Heavy Plow
28:28 Stone Shaft Mining
37:15 Ironclad
40:20 Hand Cart
40:34 Bow Saw
41:54 Town Patrol
47:44 Imperial Age
45:23 Scale Barding Armor
49:40 Two-Man Saw
48:44 Padded Archer Armor
48:44 Scale Mail Armor
48:55 Forging
48:35 Fletching
49:06 Chain Barding Armor
49:23 Crop Rotation
48:52 Heavy Scorpion
48:53 Onager
50:47 Elite Teutonic Knight
52:55 Crenellations
52:56 Conscription
52:07 Sappers
52:59 Capped Ram
55:48 Guilds
56:13 Arson
56:29 Squires
55:50 Pikeman
58:09 Plate Barding Armor
57:49 Chain Mail Armor
60:10 Halberdier
61:39 Caravan
62:10 Coinage
67:12 Hoardings
68:01 Banking
paciente notório
12:01 Feudal Age
10:17 Loom
12:25 Horse Collar
12:45 Double-Bit Axe
14:03 Wheelbarrow
13:14 Town Watch
19:20 Castle Age
17:49 Stone Mining
17:51 Gold Mining
19:51 Forging
19:41 Scale Mail Armor
20:48 Bow Saw
xLEOx
12:10 Feudal Age
16:50 Castle Age
19:07 Horse Collar
19:15 Double-Bit Axe
19:50 Heavy Plow
20:05 Bow Saw
24:00 Wheelbarrow
30:25 Imperial Age
28:12 Hand Cart
32:36 Two-Man Saw
33:37 Scale Mail Armor
33:48 Forging
33:53 Elite Skirmisher
33:58 Pikeman
34:38 Squires
35:34 Capped Ram
36:32 Elite Samurai
37:32 Conscription
38:39 Halberdier
42:10 Chain Mail Armor
42:31 Iron Casting
43:26 Plate Mail Armor
KrawatteFaser37
0:51 Loom
4:00 Double-Bit Axe
6:53 Wheelbarrow
14:02 Feudal Age
12:45 Horse Collar
14:53 Heavy Plow
15:11 Bow Saw
14:27 Man-at-Arms
15:17 Town Watch
19:28 Arson
20:02 Hand Cart
28:40 Castle Age
27:19 Padded Archer Armor
28:25 Fletching
31:53 Crop Rotation
32:03 Elite Skirmisher
33:16 Husbandry
32:37 Light Cavalry
33:23 Crossbowman
34:45 Ballistics
35:33 Fortified Wall
39:51 Burgundian Vineyards
39:45 Pikeman
39:46 Long Swordsman
40:27 Squires
40:27 Bodkin Arrow
40:48 Leather Archer Armor
42:55 Two-Man Saw
53:14 Imperial Age
51:10 Forging
51:06 Scale Barding Armor
54:23 Iron Casting
54:09 Chain Barding Armor
55:05 Chemistry
56:10 Bracer
56:45 Plate Barding Armor
56:12 Scale Mail Armor
58:10 Chain Mail Armor
62:19 Hussar
64:55 Blast Furnace
Pelanuski
11:05 Feudal Age
16:26 Castle Age
16:13 Double-Bit Axe
16:10 Horse Collar
19:39 Scale Mail Armor
21:02 Forging
20:47 Loom
22:43 Murder Holes
23:09 Ballistics
25:38 Bloodlines
26:29 Light Cavalry
27:49 Bow Saw
29:55 Scale Barding Armor
31:31 Husbandry
31:44 Treadmill Crane
32:15 Fortified Wall
33:33 Squires
34:50 Wheelbarrow
37:22 Heavy Plow
38:15 Gambesons
37:51 Man-at-Arms
39:22 Pikeman
39:54 Long Swordsman
44:14 Imperial Age
41:29 Long Swordsman
42:56 Hand Cart
42:27 Town Watch
46:29 Chemistry
45:38 Crossbowman
47:04 Town Patrol
46:38 Elite Skirmisher
48:07 Chain Mail Armor
50:08 Halberdier
52:15 Iron Casting
51:30 Fletching
52:01 Chain Barding Armor
51:42 Padded Archer Armor
54:48 Bodkin Arrow
55:54 Blast Furnace
55:29 Plate Barding Armor
55:52 Conscription
56:58 Leather Archer Armor
56:44 Bracer
61:18 Ring Archer Armor
65:31 Two-Man Saw
65:03 Crop Rotation
观月
0:36 Loom
13:34 Feudal Age
18:34 Castle Age
17:03 Double-Bit Axe
23:21 Wheelbarrow
24:41 Scale Barding Armor
26:41 Gold Mining
29:29 Gold Shaft Mining
30:32 Bow Saw
30:07 Horse Collar
30:20 Stone Mining
35:13 Imperial Age
33:11 Forging
35:22 Stone Shaft Mining
36:04 Bloodlines
35:55 Husbandry
36:05 Heavy Plow
37:08 Hand Cart
37:31 Conscription
37:31 Caravan
38:51 Elite Konnik
40:13 Iron Casting
39:59 Chain Barding Armor
40:27 Stirrups
42:21 Blast Furnace
41:57 Plate Barding Armor
47:15 Heavy Scorpion
49:50 Siege Engineers
50:47 Chemistry
51:02 Capped Ram
52:48 Ballistics
53:36 Siege Ram
DavSCh
12:48 Feudal Age
17:21 Double-Bit Axe
18:23 Forging
19:19 Man-at-Arms
22:37 Arson
25:23 Horse Collar
28:26 Scale Mail Armor
32:01 Stone Mining
37:18 Castle Age
36:35 Gold Mining
39:46 Iron Casting
39:31 Chain Mail Armor
39:27 Murder Holes
44:44 Treadmill Crane
45:31 Ballistics
47:00 Iron Casting
46:59 Heavy Plow
54:11 Bow Saw
60:30 Imperial Age
59:36 Chieftains
61:35 Conscription
63:29 Blast Furnace
63:01 Plate Mail Armor
64:53 Hoardings
65:41 Crop Rotation
68:31 Elite Berserk
Connection lost

Rejoining the realm…

Still unreachable

The connection could not be restored.

Session expired

The server has moved on; the page needs a fresh start.